 Dungeon Crawl Stone Soup version 0.20-a0-742-ge594533 (webtiles) character file.

64 Devintownsend the Shield-Bearer (level 3, -2/33 HPs)
             Began as a Minotaur Fighter on Feb 24, 2017.
             Slain by Stello111's ghost (10 damage)
             ... on level 3 of the Dungeon.
             The game lasted 00:05:59 (1355 turns).

Devintownsend the Shield-Bearer (Minotaur Fighter)  Turns: 1355, Time: 00:06:00

Health: -2/33      AC:  7    Str: 21    XL:     3   Next: 91%
Magic:  2/2        EV:  7    Int:  5    God:
Gold:   25         SH:  9    Dex:  9    Spells: 2/2 levels left

rFire    . . .     SeeInvis .   a - +0 war axe
rCold    . . .     Gourm    .   b - +0 scale mail
rNeg     . . .     Faith    .   c - +0 shield
rPois    .         Spirit   .   (helmet restricted)
rElec    .         Reflect  .   (no cloak)
rCorr    .         Harm     .   (no gloves)
MR       .....                  (no boots)
Stlth    ..........             (no amulet)
Regen    0.2/turn               (no ring)
MPRegen  0.1/turn               (no ring)

@: no status effects
A: retaliatory headbutt, horns 2
a: no special abilities


You were on level 3 of the Dungeon.
You were hungry.

You visited 1 branch of the dungeon, and saw 3 of its levels.

You collected 25 gold pieces.

Inventory:

Hand Weapons
 a - a +0 war axe (weapon)
Armour
 b - a +0 scale mail (worn)
 c - a +0 shield (worn)
Jewellery
 l - a +4 ring of slaying {unknown}
Scrolls
 e - a scroll of enchant weapon {unknown}
 h - 2 scrolls of enchant armour {unknown}
 i - a scroll of remove curse {unknown}
 j - a scroll of identify {unknown}
 k - a scroll of fog {unknown}
Potions
 d - a potion of might
 g - a potion of curing {unknown}
 m - a potion of brilliance {unknown}
 n - a potion of agility {unknown}
Comestibles
 f - 2 bread rations


   Skills:
 + Level 4.0 Fighting
 + Level 3.5 Axes
 + Level 4.2 Armour
 + Level 4.3 Shields


You had 2 spell levels left.
You didn't know any spells.

Dungeon Overview and Level Annotations

Branches:
Dungeon (3/15)

Altars:
Gozag
Ru
Sif Muna

Shops:
D:2 *

Annotations:
D:3 Stello111's ghost, amateur MiMo


Innate Abilities, Weirdness & Mutations

You reflexively headbutt those who attack you in melee.
You have a pair of horns on your head.


Message History

You headbutt Stello111's ghost!
Stello111's ghost is moderately damaged.
Stello111's ghost hits you!
You hit Stello111's ghost.
Stello111's ghost is heavily damaged.
Stello111's ghost hits you but does no damage.
You closely miss Stello111's ghost.
Stello111's ghost is heavily damaged.
Stello111's ghost screams, "Death is your only future!"
Stello111's ghost hits you!
* * * LOW HITPOINT WARNING * * *
You block Stello111's ghost's attack.
You hit Stello111's ghost.
Stello111's ghost is heavily damaged.
Stello111's ghost barely misses you.
Your shield and scale mail prevent you from hitting Stello111's ghost.
Your headbutt misses Stello111's ghost.
Stello111's ghost is heavily damaged.
You block Stello111's ghost's attack. Stello111's ghost hits you!
You die...

#...........#
#...........#
#...$.......#
#.?...%.....#
#.....?.....#
#...........#
#######'#####
#W# #@# #†# #.#
#.#
#.##############
#).............#
##############.#
#.# #)#


You could see Stello111's ghost.

Vanquished Creatures
  An adder (D:2)
  2 worms (D:2)
  2 dart slugs
  An orc (D:3)
  3 giant cockroaches (D:1)
  6 goblins
  4 hobgoblins
  8 kobolds
  A quokka (D:2)
  5 bats
  2 frilled lizards (D:1)
  8 rats
43 creatures vanquished.

Notes
Turn   | Place    | Note
-------+----------+-------------------------------------------
     0 | D:1      | Devintownsend the Minotaur Fighter began the quest for the Orb.
     0 | D:1      | Reached XP level 1. HP: 19/19 MP: 0/0
   157 | D:1      | Reached XP level 2. HP: 25/27 MP: 1/1
   833 | D:2      | Found Gozag's Platinum Reserve.
   856 | D:2      | Found a deep blue altar of Sif Muna.
   882 | D:2      | Found an opulent altar of Gozag.
   894 | D:2      | Reached XP level 3. HP: 28/33 MP: 2/2
  1127 | D:2      | Found a sacrificial altar of Ru.
  1331 | D:3      | Noticed Stello111's ghost (amateur MiMo)
  1355 | D:3      | Slain by Stello111's ghost

Vault maps used:
D:1:      ncdulo_smallfort, nrook_mini_backslash, serial_bayou_lagoon_b
D:2:      nicolae_gozag_zags_fifth_avenue, nicolae_overflow_crystal_walls,
          led_sif_pool
D:3:      first_bread

Skill      XL: |  1  2  3 |
---------------+----------+-----
Shields        | 4 |  4.3
Armour         | 4 |  4.2
Fighting       | 4 |  4.0
Axes           | 3 |  3.5

Action                   || total
-------------------------++-------
Melee: War axe           ||   101
       Headbutt          ||    16
  Eat: Chunk             ||     1
Armor: Scale mail        ||    46
Dodge: Dodged            ||    37
Block: Shield            ||    62
